 Seeded DCSS version 0.31-a0-44-g49d609d0da (webtiles) character file.

Game seed: 20230214 (custom seed)

5999 flotson the Trooper (level 10, 71/71 HPs)
             Began as a Demonspawn Delver on Feb 14, 2023.
             Was a Follower of Hepliaklqana.
             Quit the game on level 9 of the Dungeon on May 20, 2023.
             The game lasted 00:25:22 (10764 turns).

flotson the Trooper (Demonspawn Delver)            Turns: 10764, Time: 00:25:23

Health: 71/71      AC: 20    Str: 16    XL:     10   Next: 55%
Magic:  12/12      EV: 28    Int: 12    God:    Hepliaklqana [*.....]
Gold:   485        SH: 11    Dex: 15    Spells: 9/9 levels left

rFire   . . .        M - +0 hammer (heavy)
rCold   . . .        b - +2 kite shield
rNeg    . . .        H - +0 chain mail {Will+}
rPois   .            B - +0 helmet
rElec   .            L - +0 cloak
rCorr   .            n - +0 pair of gloves
SInv    .            (no boots)
Will    +....        C - amulet of the acrobat Stlth
                     r - +4 ring of protection
HPRegen 0.31/turn    s - +5 ring of evasion
MPRegen 0.13/turn

%: acrobat
@: acrobatic
A: reduced essence, claws 1, icy blue scales 2, powered by death 1, demonic
magic 2
a: Renounce Religion, Recall Ancestor, Ancestor Identity


You were on level 9 of the Dungeon.
You worshipped Hepliaklqana.
Hepliaklqana was aware of your devotion.
You visited 1 branch of the dungeon, and saw 9 of its levels.

You collected 525 gold pieces.
You spent 40 gold pieces at shops.

Inventory:

Hand Weapons
 M - a +0 heavy hammer (weapon)
Missiles
 h - 56 poisoned darts (quivered)
 w - 3 silver boomerangs
 y - a curare-tipped dart
 D - 4 atropa-tipped darts
 E - 3 throwing nets
 I - 3 datura-tipped darts
 N - 6 javelins
Armour
 b - a +2 kite shield (worn)
 n - a +0 pair of gloves (worn)
 B - a +0 helmet (worn)
 H - a +0 chain mail of willpower (worn)
 L - a +0 cloak (worn)
Jewellery
 a - a ring of protection from cold
 l - an amulet of regeneration
 o - a +6 ring of strength
 r - a +4 ring of protection (left hand)
 s - a +5 ring of evasion (right hand)
 C - an amulet of the acrobat (around neck)
Wands
 g - a wand of digging (2)
Scrolls
 c - 5 scrolls of fog
 d - 2 scrolls of teleportation {unknown}
 f - 2 scrolls of vulnerability {unknown}
 k - 2 scrolls of enchant weapon {unknown}
 p - 2 scrolls of torment {unknown}
 v - a scroll of brand weapon {unknown}
 z - 9 scrolls of identify {unknown}
 G - 3 scrolls of noise {unknown}
Potions
 e - 5 potions of curing {unknown}
 i - 2 potions of heal wounds
 j - 4 potions of attraction {unknown}
 m - a potion of resistance
 q - 2 potions of invisibility {unknown}
 t - a potion of lignification {unknown}
 u - a potion of brilliance {unknown}
 x - 3 potions of degeneration {unknown}
 A - 3 potions of might {unknown}
 F - a potion of haste
 J - a potion of cancellation {unknown}
 K - 2 potions of flight {unknown}


   Skills:
 + Level 7.3 Fighting
 - Level 2.0(2.6) Axes
 + Level 2.6(3.0) Maces & Flails
 + Level 5.7 Throwing
 + Level 5.6 Armour
 + Level 6.1 Dodging
 - Level 5.0 Stealth
 + Level 3.8 Shields
 + Level 3.7 Invocations
 + Level 6.4 Evocations


You had 9 spell levels left.
You didn't know any spells.
Your spell library contained the following spells:

 Spells                   Type           Power      Damage    Failure   Level
 Freeze                   Ice            0%         1d3       100%        1
 Slow                     Hex            0%         N/A       100%        1
 Summon Small Mammal      Summ           0%         N/A       100%        1
 Blink                    Tloc           0%         N/A       100%        2
 Cigotuvi's Dreadful Rot  Necr/Pois/Air  0%         N/A       100%        2
 Lesser Beckoning         Tloc           0%         N/A       100%        2
 Momentum Strike          Conj/Tloc      0%         3d8       100%        2
 Call Canine Familiar     Summ           0%         N/A       100%        3
 Confusing Touch          Hex            0%         N/A       100%        3
 Dazzling Flash           Conj/Hex       0%         N/A       100%        3
 Frozen Ramparts          Ice            0%         1d1       100%        3
 Hailstorm                Conj/Ice       0%         3d3       100%        3
 Summon Guardian Golem    Hex/Summ       0%         N/A       100%        3
 Vampiric Draining        Necr           0%         2d6       100%        3
 Dispel Undead            Necr           0%         3d6       100%        4
 Iskenderun's Mystic Bla  Conj/Tloc      0%         2d3       100%        4
 Manifold Assault         Tloc           0%         N/A       100%        4
 Death Channel            Necr           0%         N/A       100%        6
 Starburst                Conj/Fire      0%         6d3       100%        6
 Storm Form               Tmut/Air       0%         N/A       100%        7


Dungeon Overview and Level Annotations

Branches:
Dungeon (9/15)             Temple (0/1) D:6
   Lair: D:8-11         Orc: D:9-12

Altars:
Ashenzari
Gozag
Hepliaklqana
Makhleb
Sif Muna
Trog
Wu Jian

Shops:
D:5 =(


Innate Abilities, Weirdness & Mutations

Your life essence is reduced to manifest your ancestor. (-10% HP)
You have sharp fingernails.
You are mostly covered in icy blue scales. (AC +3)
You regenerate a little health from kills.
Spells you cast may paralyse nearby enemies.


Message History

z - 9 scrolls labelled EHENNI POMNOTWOU (gained 1)
You now have 450 gold pieces (gained 11).
You swap places.
You see here a +0 flail.
You swap places.
You swap places.
Key pressed, stopping explore.
Okay, then.
Unknown command.
Items here: ( )))))))))))))))))) ÷÷÷÷÷.
Partly explored, can't reach some places.
Remember Tenoch's name as what?
Tenoch
Okay, then.
Was Tenoch a) male, b) female, or c) neither? (Currently neither.)
Okay, then.
Unknown command.
Partly explored, can't reach some places.
(D) Dungeon (T) Temple
Where to? (Enter - D:8 @ (x,y), ? - help)
You swap places.
Items here: ( )))))))))))))))))).
Items here: ( )) ÷.
There is a stone staircase leading down here.
You climb downwards.
Found 23 gold pieces.
There is a stone staircase leading up here.
You now have 473 gold pieces (gained 23).
You open the door.
There is an open door here.
You now have 485 gold pieces (gained 12).
A steam dragon comes into view.
The steam dragon hisses angrily.
You hear a bellow!
A yak comes into view.
You hear a bellow!
Options error: Bad pregen_dungeon value: true (should be classic, false or incremental) (~/.crawlrc:90) Welcome back, flotson the Demonspawn Delver.
Game seed: 20230214 (custom seed) Hepliaklqana says: Your past becomes your present!
Press ? for a list of commands and other information.
Are you sure you want to abandon this character and quit the game? (Confirm with "yes".)

........<...#
########......#
#......#...#..#
#......#......#
#......'......#
#.....##......#
#.....#.......#
#R....#..###..#
+@....#..# ..#
#.....+..# .#
#.##..#... #
#.# ..###. ...
.... ... ...#


Y.D ..# ..... You could see the friendly Tenoch the ancestor, a yak (ally
target) and a steam dragon.

Vanquished Creatures
  2 two-headed ogres
  Joseph (D:8)
  Prince Ribbit (D:7)
  A wyvern (D:5)
  6 yaks
  Eustachio (D:5)
  2 steam dragons
  2 orc warriors
  3 black bears
  An ogre (D:5)
  A centaur (D:6)
  2 phantoms
  4 kobold brigands
  Blork the orc (D:6)
  2 gnoll sergeants
  5 scorpions
  4 wights
  3 howler monkeys
  3 quasits (D:4)
  6 hounds
  An orc priest (D:2)
  A jelly (D:6)
  3 gnoll boudas
  Crazy Yiuf (D:6)
  An iguana (D:6)
  6 orc wizards
  9 adders
  24 gnolls
  A shadow imp (D:6)
  A white imp (D:5)
  3 worms
  6 dart slugs
  25 orcs
  2 bats
  8 endoplasms
  2 giant cockroaches (D:3)
  11 hobgoblins
  4 jackals (D:1)
  5 quokkas
  12 ball pythons
  5 frilled lizards
  6 goblins
  48 kobolds
  6 rats
242 creatures vanquished.

Vanquished Creatures (others)
  4 gnolls (D:8)
4 creatures vanquished.

Grand Total: 246 creatures vanquished

Notes
Turn   | Place    | Note
-------+----------+-------------------------------------------
     0 | D:5      | flotson the Demonspawn Delver began the quest for the Orb.
     0 | D:5      | Reached XP level 1. HP: 18/18 MP: 1/1
    28 | D:5      | Noticed a black bear
   212 | D:1      | Gained mutation: You regenerate a little health from kills.
                  | [demonic ancestry]
   212 | D:1      | Reached XP level 2. HP: 18/24 MP: 2/2
   574 | D:1      | Gained mutation: Spells you cast may paralyse adjacent
                  | enemies. [demonic ancestry]
   574 | D:1      | Reached XP level 3. HP: 29/29 MP: 3/3
   826 | D:1      | Reached skill level 1 in Armour
  1072 | D:1      | Reached skill level 1 in Evocations
  1428 | D:2      | Reached XP level 4. HP: 35/35 MP: 4/4
  1441 | D:2      | Reached skill level 1 in Throwing
  1739 | D:2      | Reached skill level 5 in Stealth
  1757 | D:2      | Gained mutation: Spells you cast may paralyse nearby
                  | enemies. [demonic ancestry]
  1757 | D:2      | Reached XP level 5. HP: 4/41 MP: 5/5
  2345 | D:3      | Found a faded altar of an unknown god.
  2652 | D:4      | Noticed a phantom
  2670 | D:4      | Killed a phantom
  2671 | D:4      | Reached skill level 4 in Fighting
  2671 | D:4      | Gained mutation: You have sharp fingernails. [demonic
                  | ancestry]
  2671 | D:4      | Reached XP level 6. HP: 39/48 MP: 6/6
  2973 | D:4      | Found a shimmering blue altar of Sif Muna.
  3469 | D:4      | Reached XP level 7. HP: 14/55 MP: 7/7
  3766 | D:4      | Identified the +0 hand axe of Righteous Fury {elec, rF- rN+
                  | Will+ Dex+4}
  3905 | D:4      | Found a bloodstained altar of Trog.
  4326 | D:5      | Noticed a wyvern
  4335 | D:5      | Killed a wyvern
  4336 | D:5      | Reached skill level 5 in Fighting
  4336 | D:5      | Gained mutation: You are partially covered in icy blue
                  | scales. (AC +2) [demonic ancestry]
  4336 | D:5      | Reached XP level 8. HP: 53/62 MP: 8/8
  4367 | D:5      | Found Iwaurat's Jewellery Emporium.
  4695 | D:5      | Found Uzxaamuo's Weapon Emporium.
  4706 | D:5      | Bought 3 datura-tipped darts for 40 gold pieces
  4763 | D:5      | Found Osuv's Book Shop.
  5513 | D:6      | Noticed Blork the orc
  5514 | D:6      | Noticed Eustachio
  5529 | D:6      | Killed Blork the orc
  6230 | D:5      | Killed Eustachio
  6231 | D:5      | Reached skill level 1 in Shields
  6231 | D:5      | Gained mutation: You are mostly covered in icy blue scales.
                  | (AC +3) [demonic ancestry]
  6231 | D:5      | Reached XP level 9. HP: 29/69 MP: 9/9
  6429 | D:6      | Reached skill level 6 in Fighting
  6429 | D:6      | Reached skill level 5 in Dodging
  6472 | D:6      | Noticed a two-headed ogre
  6520 | D:6      | Killed a two-headed ogre
  6521 | D:6      | Reached skill level 5 in Evocations
  6777 | D:6      | Found a broken altar of Ashenzari.
  6832 | D:6      | Found a hazy altar of Hepliaklqana.
  6834 | D:6      | Found a burning altar of Makhleb.
  6840 | D:6      | Became a worshipper of Hepliaklqana the Forgotten
  6936 | D:6      | Reached skill level 5 in Throwing
  6987 | D:6      | Found an opulent altar of Gozag.
  7113 | D:6      | Found a staircase to the Ecumenical Temple.
  7409 | D:6      | Found a runed translucent door.
  7410 | D:6      | Noticed Crazy Yiuf
  7423 | D:6      | Killed Crazy Yiuf
  7662 | D:7      | Reached skill level 5 in Armour
  7662 | D:7      | Reached skill level 1 in Invocations
  7713 | D:7      | Noticed Prince Ribbit
  7738 | D:7      | Killed Prince Ribbit
  7739 | D:7      | Reached skill level 1 in Maces & Flails
  8172 | D:7      | Noticed a deep elf pyromancer
  8399 | D:8      | Noticed Joseph
  8418 | D:8      | Killed Joseph
  8419 | D:8      | Reached XP level 10. HP: 27/77 MP: 11/11
  8657 | D:8      | Noticed a two-headed ogre
  9570 | D:8      | Found an ornate altar of the Wu Jian Council.
  9684 | D:8      | Killed a two-headed ogre
  9685 | D:8      | Reached skill level 7 in Fighting
 10309 | D:8      | Reached * piety under Hepliaklqana
 10764 | D:9      | Upgraded the game from 0.30-a0-777-ga9a30cbeda to
                  | 0.31-a0-44-g49d609d0da
 10764 | D:9      | Quit the game

Illustrated notes

Levels and vault maps discovered:
D:1:      minmay_arrival_cross, layout_loops_corners
D:2:      layout_rooms
D:3:      layout_loops_ring, shapermc_ecumenical_altar_flowoftime
D:4:      cheibrodos_quashed, layout_basic, elyvilon_altar_1, led_sif_book,
          trog_ov_bears_minmay, dreamdust_princess_bridge
D:5:      layout_cave_pods, serial_shops, shop, shop_statue, shop
D:6:      layout_basic, mainiacjoe_overflow_boulevard, ashenzari_altar_1,
          chequers_temple_overflow_statue_of_worship,
          minmay_temple_entry_butterflies, sword_in_stone,
          uniq_crazy_yiuf_cottage
D:7:      layout_loops_ring, serial_bayou_pond_c, uniq_prince_ribbit1
D:8:      kennysheep_kobold_camp, layout_basic, mainiacjoe_overflow_alcove_1,
          skrybe_limestone_x, uniq_joseph
D:9:      layout_stronghold

Skill      XL: |  1  2  3  4  5  6  7  8  9 10 |
---------------+-------------------------------+-----
Axes           | 2 |  2.0
Dodging        | 2 3 4 5 6 |  6.1
Armour         | 1 2 3 4 5 |  5.6
Evocations     | 1 2 3 4 5 6 |  6.4
Throwing       | 1 2 3 4 5 |  5.7
Stealth        | 5 |  5.0
Fighting       | 4 5 6 7 |  7.3
Shields        | 1 3 |  3.8
Invocations    | 2 3 |  3.7
Maces & Flails | 1 2 |  2.6

Action                     |  1- 3 |  4- 6 |  7- 9 | 10-12 || total
---------------------------+-------+-------+-------+-------++-------
  Melee: Hand axe          |    70 |       |       |       ||    70
         Trident           |    70 |    21 |       |       ||    91
         Punch             |     1 |     1 |     2 |       ||     4
         Whip              |       |   179 |   503 |       ||   682
         Mace              |       |       |    95 |   183 ||   278
  Throw: Dart              |       |     5 |    61 |    17 ||    83
         Boomerang         |       |       |     1 |       ||     1
 Invoke: Ancestor Identity |       |       |       |     1 ||     1
  Evoke: Wand              |       |    20 |     4 |       ||    24
    Use: Scroll            |     2 |       |       |       ||     2
         Potion            |       |     2 |       |       ||     2
   Stab: Sleeping          |     6 |     3 |       |       ||     9
 Armour: Leather armour    |     8 |       |       |       ||     8
         Scale mail        |    44 |   135 |   214 |       ||   393
         Chain mail        |       |       |   323 |   208 ||   531
  Dodge: Dodged            |    61 |   127 |   486 |   238 ||   912
  Block: Kite shield       |       |       |   260 |   239 ||   499

Table legend: (Time is in decaauts)
 A = Elapsed time spent in this place.
 B = Non-inter-level travel time spent in this place.
 C = Inter-level travel time spent in this place.
 D = Time resting spent in this place.
 E = Time spent auto-exploring this place.
 F = Levels seen in this place.
 G = Mean time per level.
                   A        B        C        D        E       F      G
               +--------+--------+--------+--------+--------+-----+--------+
         Total |  11149 |  10610 |    539 |    997 |   6696 |   9 | 1238.8 |
       Dungeon |  11149 |  10610 |    539 |    997 |   6696 |   9 | 1238.8 |
               +--------+--------+--------+--------+--------+-----+--------+

Top non-repeatable levels by time:
     D:5: 1988 daAuts
     D:4: 1772 daAuts
     D:7: 1660 daAuts
     D:6: 1649 daAuts
     D:8: 1611 daAuts
     D:1: 1029 daAuts
     D:2: 725 daAuts
     D:3: 692 daAuts
     D:9: 19 daAuts
